AoeStats
← CraftyPoet87778

Black Forest

507791353Analyzed
2v2 RM · 13d ago on Sep 19, 2026· 54m 7s· 4 players
Game mode
Random Map
Map size
Medium (4 player)
Population
200
Speed
Normal
Resources
Standard
Victory
Conquest
Starting age
Dark Age
Ending age
Imperial Age
RankedLock teamsTeams togetherTeam positionsShared explorationLock speedFull tech treeHidden civsTurbo modeCheats
Victory
Defeat
🇨🇱 Franks · Chile
708
+13
🇺🇸 Bohemians · United States
615
+17
🇳🇱 Byzantines · Netherlands
647
-15
🇳🇱 Spanish · Netherlands
647
-15
blimj+
0:49 Loom
14:37 Feudal Age
15:10 Double-Bit Axe
15:07 Horse Collar
25:25 Castle Age
26:38 Pikeman
27:24 Scale Mail Armor
27:25 Padded Archer Armor
28:57 Wheelbarrow
31:25 Chain Mail Armor
31:24 Forging
31:40 Bow Saw
31:32 Heavy Plow
33:31 Hand Cart
35:49 Imperial Age
35:09 Hand Cart
35:49 Ballistics
36:36 Squires
37:53 Chemistry
39:14 Conscription
40:06 Bombard Tower
40:54 Caravan
41:07 Cavalier
41:48 Husbandry
41:59 Bloodlines
42:20 Murder Holes
45:06 Iron Casting
45:01 Plate Mail Armor
44:37 Scale Barding Armor
48:11 Halberdier
CraftyPoet87778
0:26 Loom
13:54 Feudal Age
14:30 Double-Bit Axe
20:07 Castle Age
21:23 Bow Saw
26:55 Wheelbarrow
27:45 Ballistics
29:27 Hand Cart
29:41 Horse Collar
31:07 Treadmill Crane
31:23 Murder Holes
31:33 Stone Mining
31:36 Gold Mining
32:22 Heavy Plow
37:17 Imperial Age
35:10 Guard Tower
35:31 Fortified Wall
35:54 Caravan
37:00 Stone Shaft Mining
37:01 Gold Shaft Mining
36:21 Fletching
36:38 Scale Barding Armor
37:26 Bodkin Arrow
39:55 Chemistry
38:41 Arrowslits
39:32 Keep
39:40 Coinage
39:21 Guilds
39:35 Chain Barding Armor
39:17 Padded Archer Armor
39:18 Scale Mail Armor
39:29 Forging
39:42 Conscription
40:45 Two-Man Saw
40:58 Crop Rotation
40:34 Onager
43:25 Hoardings
42:22 Pikeman
42:47 Arson
43:03 Squires
42:49 Gambesons
43:46 Husbandry
43:08 Cavalier
43:14 Man-at-Arms
43:44 Capped Ram
45:03 Bombard Tower
44:13 Halberdier
44:31 Long Swordsman
45:05 Two-Handed Swordsman
46:31 Crossbowman
47:17 Thumb Ring
46:34 Elite Skirmisher
48:43 Greek Fire
48:45 Champion
49:08 Light Cavalry
50:43 Logistica
51:16 Coinage
50:57 Guilds
51:08 Heavy Cavalry Archer
51:09 Arbalester
51:20 Heavy Camel Rider
LakeGale
0:28 Loom
13:43 Feudal Age
15:34 Wheelbarrow
14:53 Double-Bit Axe
14:56 Horse Collar
23:10 Castle Age
24:06 Hand Cart
25:03 Bow Saw
25:54 Heavy Plow
30:53 Town Watch
34:43 Imperial Age
34:09 Chemistry
33:23 Fortified Wall
35:26 Ballistics
36:28 Two-Man Saw
36:12 Treadmill Crane
36:58 Conscription
39:27 Hussite Reforms
39:44 Siege Engineers
41:10 Houfnice
42:39 Sanctity
42:31 Fervor
42:51 Illumination
43:08 Herbal Medicine
43:37 Block Printing
44:00 Theocracy
44:47 Atonement
45:01 Redemption
46:55 Padded Archer Armor
46:55 Scale Mail Armor
47:06 Forging
48:13 Pikeman
50:46 Elite Hussite Wagon
51:32 Wagenburg Tactics
52:02 Masonry
franco.93
0:43 Loom
13:53 Feudal Age
17:13 Double-Bit Axe
23:33 Castle Age
21:48 Gold Mining
21:57 Stone Mining
22:26 Arson
22:03 Man-at-Arms
23:29 Forging
23:29 Scale Mail Armor
24:03 Long Swordsman
24:29 Gambesons
24:44 Squires
28:23 Wheelbarrow
29:08 Gold Shaft Mining
29:17 Scale Barding Armor
29:28 Chain Mail Armor
29:48 Iron Casting
30:59 Bow Saw
35:18 Imperial Age
33:25 Chain Barding Armor
34:03 Husbandry
34:32 Hand Cart
34:22 Padded Archer Armor
34:12 Fletching
34:18 Fletching
35:27 #83
36:06 Fortified Wall
36:07 Masonry
36:25 Conscription
35:32 Two-Handed Swordsman
37:23 Plate Mail Armor
36:48 Pikeman
36:50 Cavalier
38:19 Architecture
38:24 Halberdier
38:30 Champion
40:53 Chivalry
41:29 Hoardings
40:15 Elite Throwing Axeman
40:48 Paladin
41:56 Ballistics
41:32 Murder Holes
43:10 Blast Furnace
42:46 Plate Barding Armor
42:10 Arrowslits
43:06 Siege Engineers
44:26 Chemistry
43:25 Bodkin Arrow
43:46 Leather Archer Armor
48:40 Leather Archer Armor
48:18 Guard Tower
Connection lost

Rejoining the realm…

Still unreachable

The connection could not be restored.

Session expired

The server has moved on; the page needs a fresh start.